 Dungeon Crawl Stone Soup version 0.27.0-1-g7a089689b8 (webtiles) character file.

Game seed: 13430222342492773739

4 wakim the Sneak (level 1, 0/11 HPs)
             Began as a Vine Stalker Brigand on Aug 10, 2021.
             Succumbed to a goblin's poison
             ... on level 1 of the Dungeon.
             The game lasted 00:01:06 (277 turns).

wakim the Sneak (Vine Stalker Brigand)               Turns: 277, Time: 00:01:06

Health: 0/11       AC:  7    Str: 13    XL:     1   Next: 60%
Magic:  2/2        EV: 11    Int: 11    God:
Gold:   12         SH:  0    Dex: 15    Spells: 0/0 levels left

rFire    . . .     SeeInvis .   a - +2 dagger
rCold    . . .     Faith    .   (no shield)
rNeg     . . .     Spirit   +   f - +0 acid dragon scales
rPois    .         Reflect  .   (no helmet)
rElec    .         Harm     .   c - +0 cloak
rCorr    +         Rampage  .   (no gloves)
Will     .....                  (no boots)
Stlth    +++.......             (no amulet)
HPRegen  0.03/turn              (no ring)
MPRegen  0.08/turn              (no ring)

@: lethally poisoned (0 -> -1)
A: fangs 2, magic shield, antimagic bite, no potion heal 2
a: no special abilities


You were on level 1 of the Dungeon.
You visited 1 branch of the dungeon, and saw 1 of its levels.

You collected 12 gold pieces.

Inventory:

Hand Weapons
 a - a +2 dagger (weapon)
 b - a +2 dagger of venom
Missiles
 d - 8 poisoned darts (quivered)
 e - 2 curare-tipped darts {=f}
Armour
 c - a +0 cloak (worn)
 f - +0 acid dragon scales (worn)


   Skills:
 + Level 1.8 Fighting
 * Level 1.9 Short Blades
 - Level 1.7 Throwing
 + Level 0.9 Dodging
 + Level 4.9 Stealth


You couldn't memorise any spells.
You didn't know any spells.
Your spell library was empty.

Dungeon Overview and Level Annotations

Branches:
Dungeon (1/15)

Altars:


Innate Abilities, Weirdness & Mutations

You have extremely sharp teeth.
When hurt, damage is shared between your health and your magic reserves.
Your bite disrupts and absorbs the magic of your enemies.
Potions cannot restore your health.


Message History

You see here a +0 whip.
You now have 12 gold pieces.
You see here 15 stones.
You see here 17 stones.
You see here +0 acid dragon scales.
A hobgoblin comes into view.
You see here +0 acid dragon scales. f - +0 acid dragon scales You start removing your armour.
You continue taking off your +0 robe. x4
You finish taking off your +0 robe.
You start putting on your armour.
You continue putting on your +0 acid dragon scales. x5
You finish putting on your +0 acid dragon scales.
Drop what? 6/52 slots (_ for help) (? for menu, Esc to quit)
You drop a +0 robe.
A goblin comes into view. It is wielding a +2 dagger of venom.
The goblin shouts!
The goblin hits you with a +2 dagger of venom.
You are lethally poisoned!
You barely miss the goblin. You bite the goblin.
You kill the goblin!
You feel sick.
You feel sick.
You see here a +2 dagger of venom.
You aren't carrying any potions.
* * * LOW HITPOINT WARNING * * *
You feel sick.
* * * LOW HITPOINT WARNING * * *
You feel sick.
You aren't carrying any potions.
Unknown command.
* * * LOW HITPOINT WARNING * * *
You feel sick.
* * * LOW HITPOINT WARNING * * *
You feel sick.
* * * LOW HITPOINT WARNING * * *
You feel sick.
You aren't carrying any potions.
b - a +2 dagger of venom You die...

#...#.....#########
###.#....[..........#
.................##.##
####.##.###.####.#...##
#.##.....####......##
♣###.#####.............#####
...#.##....................#
♣#.#.##.##.#####.........#.#
#......##.# #@#...#.....#
#.........#
#.#.)##.#.#.######
##.#.#######
#.#.##............ ...#.#
#.#.##..#.#.####.. #....#
####.#.##............ ...###
#....#.#.......####.. #..#
#.####.#..###### #. #..# ###
#.# ##.#..####### #. #..#
##.## #.# #.......[...# #†


There were no monsters in sight!

Vanquished Creatures
  A hobgoblin (D:1)
  2 frilled lizards (D:1)
  A goblin (D:1)
  A rat (D:1)
5 creatures vanquished.

Notes
Turn   | Place    | Note
-------+----------+-------------------------------------------
     0 | D:1      | wakim the Vine Stalker Brigand began the quest for the Orb.
     0 | D:1      | Reached XP level 1. HP: 11/11 MP: 2/2
     7 | D:1      | Noticed a merfolk zombie
   277 | D:1      | Succumbed to a goblin's poison

Illustrated notes

Levels and vault maps discovered:
D:1:      shiori_arrival_whats_in_store_for_you, layout_loops_ring,
          minmay_tree_intersection

Action                   || total
-------------------------++-------
Melee: Dagger            ||    11
       Bite              ||     1
 Stab: Sleeping          ||     1
Armor: Robe              ||     4
Dodge: Dodged            ||     3
